 Dungeon Crawl Stone Soup version 0.31-a0-609-g7bf6ffcfed (webtiles) character file.

Game seed: 16621111229532123262

44 innerfire43 the Trooper (level 3, -4/28 (43) HPs)
             Began as a Demonspawn Monk on Aug 21, 2023.
             Slain by a wight
             ... wielding a +1 battleaxe
              (6 damage)
             ... on level 3 of the Dungeon.
             The game lasted 00:01:43 (1763 turns).

innerfire43 the Trooper (Demonspawn Monk)           Turns: 1763, Time: 00:01:43

HP:   -4/28 (43)    AC: 21    Str: 13    XL:     3   Next: 41%
MP:   3/3           EV:  2    Int: 11    God:
Gold: 117           SH:  0    Dex: 15    Spells: 2/2 levels left

rFire   + . .        a - +0 hand axe
rCold   . . .        d - orb {light}
rNeg    . . .        b - melded +0 robe
rPois   +            l - melded +0 helmet
rElec   .            (cloak currently unavailable)
rCorr   .            (gloves currently unavailable)
SInv    .            (boots currently unavailable)
Will    .....        (no amulet)
Stlth   +            m - ring of protection from fire
HPRegen 0.24/turn    (no ring)
MPRegen 0.08/turn

%: no passive effects
@: tree-form, glowing, very heavily drained, invisible (but backlit and visible)
A: stationary, stasis, torment immunity, boosted hp, (molten scales 1)
a: no special abilities


You were on level 3 of the Dungeon.
You were a tree.
You visited 1 branch of the dungeon, and saw 3 of its levels.

You collected 117 gold pieces.

Inventory:

Hand Weapons
 a - a +0 hand axe (weapon)
Missiles
 f - 2 throwing nets
Armour
 b - a +0 robe (melded)
 d - an orb of light (worn)
 l - a +0 helmet (melded)
Jewellery
 m - a ring of protection from fire (left branch)
Scrolls
 e - a scroll of immolation {unknown}
 g - a scroll of enchant armour {unknown}
 h - a scroll of identify {unknown}
 k - a scroll of silence {unknown}
 o - 2 scrolls of vulnerability {unknown}
 s - a scroll of fog {unknown}
Potions
 n - a potion of magic {unknown}
 q - a potion of curing {unknown}
 r - a potion of enlightenment {unknown}
 t - a potion of haste {unknown}
 u - a potion of brilliance {unknown}


   Skills:
 + Level 3.6 Fighting
 + Level 3.2 Axes
 + Level 3.2 Dodging


You had 2 spell levels left.
You didn't know any spells.
Your spell library was empty.

Dungeon Overview and Level Annotations

Branches:
Dungeon (3/15)

Altars:


Innate Abilities, Weirdness & Mutations

You are a tree.
Your roots penetrate the ground, keeping you stationary.
You cannot be teleported.
You are immune to unholy pain and torment.
Your maximum health is greatly increased.
Your equipment is partially melded.
((You are partially covered in molten scales. (AC +2)))


Message History

The wight is heavily damaged.
You hit the wight but do no damage.
The wight hits you with a +2 halberd of freezing.
The wight freezes you. The wight hits you with a +1 battleaxe!
* * * LOW HITPOINT WARNING * * *
You feel drained.
* * * LOW HITPOINT WARNING * * *
You feel much better. The wight hits you but does no damage.
The wight hits you with a +1 battleaxe.
You hit the wight but do no damage.
The wight is heavily damaged.
You hit the wight but do no damage. The wight hits you but does no damage.
The wight barely misses you.
You hit the wight.
The wight is heavily damaged.
You hit the wight but do no damage.
The wight hits you with a +2 halberd of freezing.
You feel drained. The wight freezes you.
The wight hits you with a +1 battleaxe.
The wight hits you but does no damage. x2
You hit the wight.
The wight is almost destroyed.
You barely miss the wight.
The wight hits you but does no damage. x2
You completely miss the wight.
The wight is almost destroyed.
You hit the wight but do no damage. The wight hits you but does no damage.
The wight hits you with a +1 battleaxe!
You hit the wight but do no damage.
The wight is almost destroyed.
You hit the wight but do no damage.
The wight hits you but does no damage. x2
You hit the wight but do no damage.
The wight is almost destroyed.
You hit the wight.
The wight hits you with a +2 halberd of freezing!
* * * LOW HITPOINT WARNING * * *
You feel drained.
* * * LOW HITPOINT WARNING * * *
The wight freezes you.
* * * LOW HITPOINT WARNING * * *
The wight hits you with a +1 battleaxe.
You die...

#.# #.# ##############
#†## #............# #...
#............# #..#
#...........†# #..#
###............######...
..............††.......#
#...z♣.......#########
#...z........#
#............#
#............#
#........(...#
#............#
#............#
#............#
#############


You could see 2 wights.

Vanquished Creatures
  An adder (D:3)
  A worm (D:2)
  A dart slug (D:2)
  An orc (D:3)
  4 bats
  3 endoplasms
  A giant cockroach (D:3)
  A goblin (D:1)
  3 hobgoblins
  2 kobolds (D:2)
  5 ball pythons
  2 frilled lizards (D:2)
  3 rats
28 creatures vanquished.

Notes
Turn   | Place    | Note
-------+----------+-------------------------------------------
     0 | D:1      | innerfire43 the Demonspawn Monk began the quest for the
                  | Orb.
     0 | D:1      | Reached XP level 1. HP: 18/18 MP: 1/1
   685 | D:2      | Gained mutation: You are partially covered in molten
                  | scales. (AC +2) [demonic ancestry]
   685 | D:2      | Reached XP level 2. HP: 24/24 MP: 2/2
  1527 | D:3      | Reached XP level 3. HP: 29/29 MP: 3/3
  1737 | D:3      | Noticed a wight
  1740 | D:3      | Noticed a wight
  1747 | D:3      | HP: 1/39 [wight/+2 halberd of freezing (2)]
  1763 | D:3      | Slain by a wight

Illustrated notes

Levels and vault maps discovered:
D:1:      psy_arrival_fountain, layout_loops_ring
D:2:      layout_basic, kennysheep_generic_room_11
D:3:      layout_basic

Skill      XL: |  1  2 |
---------------+-------+-----
Dodging        | 3 |  3.2
Axes           | 3 |  3.2
Fighting       | |  3.6

Action                     || total
---------------------------++-------
  Melee: Hand axe          ||   106
    Use: Potion            ||     5
 Armour: Robe              ||    22
         Skin              ||    22
  Dodge: Dodged            ||    53

Table legend: (Time is in decaauts)
 A = Elapsed time spent in this place.
 B = Non-inter-level travel time spent in this place.
 C = Inter-level travel time spent in this place.
 D = Time resting spent in this place.
 E = Time spent auto-exploring this place.
 F = Levels seen in this place.
 G = Mean time per level.
                   A        B        C        D        E       F      G
               +--------+--------+--------+--------+--------+-----+--------+
         Total |   1779 |   1681 |     98 |      0 |   1430 |   3 |  593.0 |
       Dungeon |   1779 |   1681 |     98 |      0 |   1430 |   3 |  593.0 |
               +--------+--------+--------+--------+--------+-----+--------+

Top non-repeatable levels by time:
     D:2: 805 daAuts
     D:1: 682 daAuts
     D:3: 291 daAuts
